 Dungeon Crawl Stone Soup version 0.29.1-15-g9cfb28693d (webtiles) character file.

Game seed: 1314805690587591446

580 firemarshallily the Covert (level 7, -2/47 HPs)
             Began as an Octopode Brigand on Mar 1, 2023.
             Slain by a gnoll
             ... wielding a +0 club
             ... led by a gnoll bouda
              (6 damage)
             ... on level 4 of the Dungeon.
             The game lasted 00:07:39 (4574 turns).

firemarshallily the Covert (Octopode Brigand)       Turns: 4574, Time: 00:07:40

Health: -2/47      AC:  1    Str: 10    XL:     7   Next: 36%
Magic:  7/7        EV: 13    Int: 13    God:
Gold:   303        SH:  0    Dex: 16    Spells: 6/6 levels left

rFire   . . .      SeeInvis +   a - +3 dagger
rCold   . . .      Faith    .   (no shield)
rNeg    . . .      Spirit   .   (helmet restricted)
rPois   +          Reflect  .   (no amulet)
rElec   .          Harm     .   k - ring of poison resistance
rCorr   .          Rampage  .   p - ring of see invisible
Will    .....                   (no ring)
Stlth   +++++.....              (no ring)
HPRegen 0.15/turn               (no ring)
MPRegen 0.10/turn               (no ring)
                                (no ring)
                                (no ring)

@: no status effects
A: almost no armour, amphibious, 8 rings, camouflage 1, gelatinous body 1,
(nimble swimmer 1), tentacles
a: no special abilities


You were on level 4 of the Dungeon.
You visited 1 branch of the dungeon, and saw 5 of its levels.

You collected 303 gold pieces.

Inventory:

Hand Weapons
 a - a +3 dagger (weapon)
Missiles
 b - 9 poisoned darts (quivered)
 c - 3 curare-tipped darts
Jewellery
 f - a ring of fire
 k - a ring of poison resistance (left tentacle)
 p - a ring of see invisible (right tentacle)
Scrolls
 h - 2 scrolls of vulnerability
 l - a scroll of blinking
Potions
 d - a potion of magic
 e - a potion of lignification {unknown}
 g - a potion of curing {unknown}
 i - a potion of haste {unknown}
 j - a potion of mutation {unknown}


   Skills:
 + Level 3.9 Fighting
 * Level 5.2 Short Blades
 - Level 2.0 Throwing
 - Level 1.0 Dodging
 * Level 8.7 Stealth


You had 6 spell levels left.
You didn't know any spells.
Your spell library contained the following spells:

 Spells                   Type           Power      Damage    Failure   Level
 Call Imp                 Summ           0%         N/A       43%         2
 Dazzling Flash           Conj/Hex       0%         N/A       67%         3
 Agony                    Necr           0%         N/A       100%        5
 Silence                  Hex/Air        0%         N/A       100%        5


Dungeon Overview and Level Annotations

Branches:
Dungeon (5/15)
 Temple: D:4-7

Altars:
Gozag
Nemelex Xobeh
Sif Muna
Trog


Innate Abilities, Weirdness & Mutations

You cannot wear most types of armour.
You are amphibious.
You can wear up to eight rings at the same time.
Your skin changes colour to match your surroundings (Stealth+).
Your rubbery body absorbs attacks. (AC +1, EV +1)
((You are camouflaged when in or above water. (Stealth+)))
You have tentacles for arms and can constrict up to eight enemies at once.


Message History

You constrict the gnoll bouda, but do no damage.
The gnoll bouda hits you with a +0 club.
You hit the gnoll bouda.
The gnoll bouda is almost dead.
You constrict the gnoll bouda. The gnoll hits you with a +0 whip.
The gnoll bouda hits you with a +0 club.
You hit the gnoll bouda.
You kill the gnoll bouda!
You closely miss the gnoll. Your grab misses the gnoll.
Your squeeze misses the gnoll. The gnoll completely misses you.
You hit the gnoll. You grab the gnoll.
The gnoll is moderately wounded.
You constrict the gnoll, but do no damage.
The gnoll misses you. The gnoll closely misses you.
You hit the gnoll.
The gnoll is severely wounded.
You constrict the gnoll. The gnoll hits you with a +0 club!
You hit the gnoll.
You kill the gnoll!
The gnoll is no longer moving quickly.
The gnoll is no longer moving quickly.
The gnoll barely misses you. The gnoll hits you with a +0 club.
The gnoll barely misses you. The gnoll attacks as you move away!
The gnoll hits you with a +0 flail. The gnoll barely misses you.
The gnoll attacks as you move away! The gnoll barely misses you.
The gnoll hits you with a +0 club! The gnoll attacks as you move away!
The gnoll hits you with a +0 club. The gnoll attacks as you move away!
The gnoll barely misses you. The gnoll hits you with a +0 club.
* * * LOW HITPOINT WARNING * * *
The gnoll is no longer moving quickly.
There is a stone staircase leading up here.
The gnoll hits you with a +0 club.
* * * LOW HITPOINT WARNING * * *
The gnoll closely misses you.
You climb upwards.
There is a stone staircase leading down here.
You barely miss the gnoll. Your grab misses the gnoll.
Your squeeze misses the gnoll. The gnoll hits you with a +0 club.
You die...

.....#.'.⌠...⌠.#...###[..8...#...
#...####..._...##...##...##.##...
#...## #.......#...##...#.####...
#....####..8.^##..##.....## #..#
#......###...##...####.#######...
)........#####...................
......##.#...#...#........##..##.
......#####.##.g.##.....#..#.....
.###.....##.....@g#........##.#..
.....##...##....###.........[.#..
#...###...##.....##........#.....
#...####.................#.......
##.....####..###.........###.....
##.....# ##..###.##.##..........
#...#..# #...#...##....)........
.......#####............>........
###...........#..................


You could see 2 gnolls.

Vanquished Creatures
  2 orc warriors (D:4)
  A scorpion (D:4)
  An orc priest (D:4)
  A hound (D:4)
  A jelly (D:4)
  A gnoll bouda (D:5)
  2 iguanas
  2 orc wizards (D:4)
  2 adders
  2 gnolls
  2 worms (D:2)
  2 dart slugs
  8 orcs
  9 ball pythons
  8 endoplasms
  4 giant cockroaches
  6 goblins
  3 hobgoblins (D:2)
  4 kobolds
  5 quokkas
  6 bats
  A frilled lizard (D:1)
  4 rats
77 creatures vanquished.

Vanquished Creatures (others)
  2 plants (D:2)
2 creatures vanquished.

Grand Total: 79 creatures vanquished

Notes
Turn   | Place    | Note
-------+----------+-------------------------------------------
     0 | D:1      | firemarshallily the Octopode Brigand began the quest for
                  | the Orb.
     0 | D:1      | Reached XP level 1. HP: 14/14 MP: 1/1
   511 | D:1      | Reached XP level 2. HP: 19/19 MP: 2/2
   534 | D:1      | Found a faded altar of an unknown god.
  1211 | D:2      | Reached skill level 6 in Stealth
  1211 | D:2      | Reached XP level 3. HP: 25/25 MP: 3/3
  1819 | D:2      | Reached XP level 4. HP: 30/30 MP: 4/4
  2646 | D:4      | Noticed an orc warrior
  2646 | D:4      | Noticed a scorpion
  2650 | D:4      | Killed an orc warrior
  2651 | D:4      | Reached skill level 7 in Stealth
  2651 | D:4      | Reached XP level 5. HP: 36/36 MP: 5/5
  3030 | D:4      | Found an opulent altar of Gozag.
  3045 | D:4      | Reached XP level 6. HP: 30/42 MP: 6/6
  3972 | D:4      | Reached skill level 8 in Stealth
  4102 | D:4      | Found a shimmering blue altar of Sif Muna.
  4110 | D:4      | Got Sif Muna's Catalogue of Calling
  4115 | D:4      | Found a bloodstained altar of Trog.
  4115 | D:4      | Noticed an orc warrior
  4118 | D:4      | Killed an orc warrior
  4119 | D:4      | Reached skill level 5 in Short Blades
  4119 | D:4      | Reached XP level 7. HP: 47/47 MP: 7/7
  4135 | D:4      | Found a sparkling altar of Nemelex Xobeh.
  4362 | D:5      | Entered Level 5 of the Dungeon
  4574 | D:4      | Slain by a gnoll

Illustrated notes

Levels and vault maps discovered:
D:1:      lightli_arrival_statue_moat, layout_basic,
          hellmonk_ecumenical_altar_arch_garden
D:2:      layout_loops_ring, serial_bayou_pond_c
D:3:      layout_loops_ring
D:4:      layout_cave_pools, grunt_temple_overflow_opulence,
          nzn_overflow_gifts_of_might_and_magic, guppyfry_early_orc_mine
D:5:      layout_cave_pools, mainiacjoe_overflow_big_doors, temple_green

Skill      XL: |  1  2  3  4  5  6 |
---------------+-------------------+-----
Stealth        | 6 7 8 |  8.7
Short Blades   | 3 4 5 |  5.2
Fighting       | 3 |  3.9
Throwing       | |  2.0
Dodging        | |  1.0

Action                   |  1- 3 |  4- 6 |  7- 9 || total
-------------------------+-------+-------+-------++-------
Melee: Dagger            |    55 |    87 |    21 ||   163
       Constrict         |    11 |    16 |     6 ||    33
       Tentacles         |     6 |    16 |     4 ||    26
       Punch             |     2 |     2 |       ||     4
  Use: Scroll            |     3 |     4 |       ||     7
       Potion            |       |     3 |       ||     3
 Stab: Sleeping          |    22 |    15 |       ||    37
       Distracted        |       |     2 |       ||     2
Armor: Skin              |       |     3 |       ||     3
Dodge: Dodged            |    11 |    52 |    17 ||    80
